 Dungeon Crawl Stone Soup version 0.28-a0-1447-ga5a8893891 (webtiles) character file.

Game seed: 5246532297170761921

3068 horus123 the Destroyer (level 9, -3/51 HPs)
             Began as a Deep Elf Conjurer on Jan 11, 2022.
             Was an Initiate of Ru.
             Shot with a sling bullet by Joseph (6 damage)
             ... on level 7 of the Dungeon.
             The game lasted 00:21:53 (8123 turns).

horus123 the Destroyer (Deep Elf Conjurer)          Turns: 8123, Time: 00:21:53

Health: -3/51      AC:  4    Str:  4    XL:     9   Next: 58%
Magic:  2/29       EV: 12    Int: 28    God:    Ru [......]
Gold:   2635       SH:  5    Dex: 13    Spells: 2/20 levels left

rFire   . . .      SeeInvis .   x - +0 rapier
rCold   . . .      Faith    .   c - orb {*Rage}
rNeg    . . .      Spirit   .   a - +0 robe
rPois   .          Reflect  +   n - +0 helmet
rElec   .          Harm     .   r - +0 cloak
rCorr   .          Rampage  .   (no gloves)
Will    .....      Rage     20% (no boots)
Stlth   ..........              l - amulet of reflection
HPRegen 0.17/turn               i - ring of magical power
MPRegen 0.21/turn               (no ring)

@: no status effects
A: no stealth
a: Renounce Religion


You were on level 7 of the Dungeon.
You worshipped Ru.
Ru was noncommittal.
You visited 2 branches of the dungeon, and saw 8 of its levels.

You collected 2635 gold pieces.

Inventory:

Hand Weapons
 e - a +0 dagger
 g - a +0 short sword
 h - a +0 falchion
 q - a +2 quarterstaff of chaos
 x - a +0 rapier (weapon)
 y - a +1 long sword
Missiles
 k - a throwing net
Armour
 a - a +0 robe (worn)
 c - an orb of wrath (worn)
 n - a +0 helmet (worn)
 r - a +0 cloak (worn)
 s - a scarf of repulsion
Jewellery
 i - a ring of magical power (left hand)
 l - an amulet of reflection (around neck)
Wands
 t - a wand of polymorph (5)
 B - a wand of flame (9)
Scrolls
 d - 3 scrolls of immolation
 f - 3 scrolls of vulnerability
 j - 4 scrolls of teleportation
 o - a scroll of fog
 z - a scroll of torment {unknown}
 A - a scroll of identify
 C - a scroll of enchant armour {unknown}
Potions
 b - a potion of degeneration {unknown}
 m - 2 potions of curing
 p - 2 potions of haste
 u - a potion of flight {unknown}
 v - a potion of invisibility {unknown}
 w - 2 potions of attraction {unknown}
 D - a potion of lignification {unknown}


   Skills:
 - Level 3.2 Fighting
 - Level 2.4 Dodging
 - Level 6.0 Spellcasting
 - Level 9.0 Conjurations
 + Level 7.1 Hexes
 - Level 6.0 Translocations
 - Level 6.0 Fire Magic


You had 2 spell levels left.
You knew the following spells:

 Your Spells              Type           Power      Damage    Failure   Level
a - Magic Dart            Conj           100%       1d8       1%          1
b - Searing Ray           Conj           100%       2d8       1%          2
c - Iskenderun's Mystic   Conj/Tloc      50%        2d11      2%          4
d - Teleport Other        Tloc           42%        N/A       1%          3
e - Sticky Flame          Conj/Fire      50%        2d7       2%          4
f - Fulminant Prism       Conj/Hex       26%        3d14      2%          4

Your spell library contained the following spells:

 Spells                   Type           Power      Damage    Failure   Level
 Static Discharge         Conj/Air       33%        N/A       1%          2
 Dazzling Flash           Conj/Hex       100%       N/A       1%          3
 Gell's Gravitas          Tloc           42%        N/A       1%          3
 Lesser Beckoning         Tloc           42%        N/A       1%          3
 Dispel Undead            Necr           8%         3d8       52%         4


Dungeon Overview and Level Annotations

Branches:
Dungeon (7/15)             Temple (1/1) D:5

Altars:
Cheibriados
Dithmenos
Elyvilon
Fedhas
Hepliaklqana
Kikubaaqudgha
Makhleb
Nemelex Xobeh
Okawaru
Ru
Sif Muna
Trog
Wu Jian
Xom
Zin
The Shining One

Shops:
D:2 [

Annotations:
D:7 Joseph


Innate Abilities, Weirdness & Mutations

You cannot be stealthy.


Message History

Joseph shoots a sling bullet.
The sling bullet closely misses you.
Your fulminant prism crackles loudly.
Your fulminant prism explodes!
The blast of energy engulfs Joseph!
Joseph is moderately wounded.
You feel a bit more experienced. x2
You hear a shout! x2
Casting: Fulminant Prism (dangerous; 2% risk of failure)
Confirm with . or Enter, or press ? or * to list all spells.
Aiming: Searing Ray (safe; 1% risk of failure)
Press: ? - help, Shift-Dir - straight line, f - Joseph
Aim: Joseph, wielding a +1 hunting sling of freezing, wearing a +0 leather armour and quivering sling bullets (moderately wounded, 83% to hit)
The searing ray hits Joseph!
Joseph is moderately wounded. (Press . to maintain the ray.) Joseph enters a dispersal trap!
The orc blinks!
You blink.
Found a glowing dagger.
Found a stone staircase leading down.
Joseph blinks!
The orc shouts!
You hear a shout!
Joseph shoots a sling bullet.
The sling bullet hits you! The sling bullet freezes you.
Casting: Searing Ray (safe; 1% risk of failure)
Confirm with . or Enter, or press ? or * to list all spells.
You can't see any susceptible monsters within range! (Use Z to cast anyway.)
Casting: Searing Ray (safe; 1% risk of failure)
Confirm with . or Enter, or press ? or * to list all spells.
Okay, then.
Casting: Searing Ray (safe; 1% risk of failure)
Confirm with . or Enter, or press ? or * to list all spells.
Aiming: Searing Ray (safe; 1% risk of failure)
Press: ? - help, Shift-Dir - straight line, f/p - Joseph
Aim: Joseph, wielding a +1 hunting sling of freezing, wearing a +0 leather armour and quivering sling bullets (moderately wounded, 83% to hit)
The searing ray hits Joseph.
Joseph is heavily wounded. (Press . to maintain the ray.)
The searing ray hits Joseph!
Joseph is severely wounded.
Joseph shoots a sling bullet.
The sling bullet hits you!
* * * LOW HITPOINT WARNING * * *
The sling bullet freezes you.
You die...

....... . # .......
..##. ....... .....
...>...
......##...#...
......#........
...............
.........@(@.o.....
.................#.
.................#
......#.#........≈
#....###..^).)..♣
###...#)/.##....≈
###...†.†...# ♣...≈
#...<...)...# ≈...
#.............♣


You could see Joseph and an orc.

Vanquished Creatures
  The ghost of oldriver the Skirmisher, a novice FoCK of Xom (D:6)
  Prince Ribbit (D:6)
  Sigmund (D:5)
  Menkaure (D:5)
  A water moccasin (D:6)
  2 sky beasts
  An ice beast (D:6)
  3 ogres
  A phantom (D:5)
  2 gnoll sergeants
  3 scorpions
  2 bullfrogs (D:7)
  A water moccasin skeleton (D:4)
  A wyvern skeleton (D:6)
  3 wights (D:7)
  A centaur zombie (D:6)
  6 hounds
  A jelly (D:5)
  Crazy Yiuf (D:4)
  A bullfrog skeleton (D:4)
  Ijyb (D:5)
  2 iguanas
  An orc wizard (D:7)
  2 hound zombies (D:5)
  2 howler monkey skeletons (D:6)
  10 gnolls
  7 adders
  2 ufetubi (D:5)
  4 worms
  2 dart slugs
  8 orcs
  5 endoplasms
  6 giant cockroaches
  8 goblins
  5 hobgoblins
  4 jackals (D:3)
  6 kobolds
  3 quokkas
  5 ball pythons
  7 bats
  10 frilled lizards
  7 rats
141 creatures vanquished.

Vanquished Creatures (others)
  2 fulminant prisms
  7 plants
9 creatures vanquished.

Grand Total: 150 creatures vanquished

Notes
Turn   | Place    | Note
-------+----------+-------------------------------------------
     0 | D:1      | horus123 the Deep Elf Conjurer began the quest for the Orb.
     0 | D:1      | Reached XP level 1. HP: 10/10 MP: 6/6
   346 | D:1      | Reached XP level 2. HP: 15/15 MP: 7/9
   395 | D:1      | Learned a level 2 spell: Searing Ray
  1356 | D:2      | Reached skill level 5 in Conjurations
  1358 | D:2      | Reached XP level 3. HP: 19/19 MP: 10/10
  1359 | D:2      | Found a faded altar of an unknown god.
  2007 | D:2      | Reached XP level 4. HP: 24/24 MP: 12/12
  2097 | D:2      | Found Pint's Antique Armour Emporium.
  2278 | D:3      | Reached skill level 6 in Conjurations
  2283 | D:3      | Learned a level 4 spell: Iskenderun's Mystic Blast
  2287 | D:3      | Learned a level 3 spell: Teleport Other
  2408 | D:3      | Reached skill level 1 in Translocations
  3278 | D:4      | Reached XP level 5. HP: 25/28 MP: 13/13
  3474 | D:4      | Found a white marble altar of Elyvilon.
  3726 | D:4      | Identified a scroll of acquirement
  3727 | D:4      | Acquired 1288 gold pieces
  3759 | D:4      | Reached XP level 6. HP: 28/32 MP: 14/14
  3810 | D:4      | Reached skill level 5 in Translocations
  4012 | D:4      | Found a glowing silver altar of Zin.
  4012 | D:4      | Noticed an angel
  4494 | D:4      | Found a runed translucent door.
  4497 | D:4      | Noticed Crazy Yiuf
  4753 | D:4      | Found a bloodstained altar of Trog.
  4867 | D:4      | Killed Crazy Yiuf
  4930 | D:5      | Entered Level 5 of the Dungeon
  4993 | D:5      | Reached skill level 5 in Spellcasting
  4993 | D:5      | Reached XP level 7. HP: 36/36 MP: 12/16
  5281 | D:5      | Learned a level 4 spell: Sticky Flame
  5369 | D:5      | Reached skill level 1 in Fire Magic
  5407 | D:5      | Noticed Ijyb
  5442 | D:5      | Killed Ijyb
  5511 | D:5      | Noticed Sigmund
  5515 | D:5      | Killed Sigmund
  5559 | D:5      | Found a staircase to the Ecumenical Temple.
  5684 | D:5      | Reached skill level 5 in Fire Magic
  5684 | D:5      | Reached XP level 8. HP: 41/41 MP: 19/19
  5978 | D:5      | Noticed Menkaure
  5983 | D:5      | Killed Menkaure
  6340 | Temple   | Entered the Ecumenical Temple
  6446 | Temple   | Became a worshipper of Ru the Awakened
  6488 | D:6      | Reached skill level 7 in Conjurations
  6492 | D:6      | Acquired 1024 gold pieces
  6606 | D:6      | Reached skill level 8 in Conjurations
  6734 | D:6      | Found a large runed translucent door.
  6774 | D:6      | Found a large runed translucent door.
  6776 | D:6      | Noticed oldriver's ghost (novice FoCK)
  6818 | D:6      | Reached skill level 9 in Conjurations
  6841 | D:6      | Noticed Prince Ribbit
  6848 | D:6      | Killed Prince Ribbit
  6849 | D:6      | Reached XP level 9. HP: 48/48 MP: 16/20
  7040 | D:6      | Found an ornate altar of the Wu Jian Council.
  7163 | D:6      | Found an ancient bone altar of Kikubaaqudgha.
  7856 | D:6      | Learned a level 4 spell: Fulminant Prism
  7885 | D:6      | Killed oldriver's ghost
  7886 | D:6      | Reached skill level 5 in Hexes
  8113 | D:7      | Gained mutation: You cannot be stealthy. [Ru sacrifice]
  8115 | D:7      | Noticed Joseph
  8123 | D:7      | Shot with a sling bullet by Joseph

Illustrated notes

Levels and vault maps discovered:
D:1:      matt_arrival_refuge, layout_basic
D:2:      layout_basic, serial_shops, nicolae_shop_hallway_plus,
          shapermc_ecumenical_altar_acropolis, serial_curves, eino_curves_02,
          eino_curves_03, kennysheep_decorative_pillar, minivault_26,
          chequers_serial_rivers_small_3, minmay_lizard_king
D:3:      layout_loops_ring, minmay_misc_feat_hallway, minmay_diced_spiral
D:4:      layout_layer_cave, zin_angel, amcnicky_altar_gilded,
          lemuel_coloured_pillars_altar, minivault_25, grunt_decor_cap,
          chequers_serial_rivers_micro_c, uniq_crazy_yiuf_cottage
D:5:      layout_basic, temple_doors_e, minmay_misc_feat_x, uniq_sigmund,
          uniq_ijyb, uniq_menkaure
D:6:      layout_cave_pods, mainiacjoe_overflow_boulevard,
          mainiacjoe_overflow_concentric_impassable,
          ebering_ghost_disaster_area, uniq_prince_ribbit1
D:7:      layout_cave_pools, lemuel_doored_altar,
          minmay_overflow_temple_star_quad, chequers_decorated_corner,
          serial_bayou_ford_a, uniq_joseph
Temple:   jpeg_temple_clearing

Skill      XL: |  1  2  3  4  5  6  7  8  9 |
---------------+----------------------------+-----
Spellcasting   | 4 5 6 |  6.0
Conjurations   | 5 6 9 |  9.0
Translocations | 2 4 6 |  6.0
Fire Magic     | 5 6 |  6.0
Fighting       | 2 3 |  3.2
Hexes          | 7 |  7.1
Stealth        | 0 |  0.0
Dodging        | |  2.4

Action                   |  1- 3 |  4- 6 |  7- 9 || total
-------------------------+-------+-------+-------++-------
Melee: Dagger            |     8 |       |       ||     8
       Falchion          |       |    14 |     3 ||    17
       Unarmed           |       |       |     1 ||     1
       Rapier            |       |       |    19 ||    19
 Cast: Magic Dart        |    69 |    96 |    77 ||   242
       Searing Ray       |     2 |    12 |    27 ||    41
       Iskenderun's Myst |       |     3 |    21 ||    24
       Sticky Flame      |       |       |     2 ||     2
       Fulminant Prism   |       |       |     2 ||     2
Invok: Sacrifice Stealth |       |       |     1 ||     1
  Use: Scroll            |     2 |     5 |     3 ||    10
Armor: Robe              |     5 |     9 |     7 ||    21
       Skin              |       |       |    11 ||    11
Dodge: Dodged            |    16 |    34 |    73 ||   123
Block: Orb               |       |     3 |     8 ||    11
       Other             |       |       |    15 ||    15

Table legend: (Time is in decaauts)
 A = Elapsed time spent in this place.
 B = Non-inter-level travel time spent in this place.
 C = Inter-level travel time spent in this place.
 D = Time resting spent in this place.
 E = Time spent auto-exploring this place.
 F = Levels seen in this place.
 G = Mean time per level.
                   A        B        C        D        E       F      G
               +--------+--------+--------+--------+--------+-----+--------+
         Total |   8158 |   8028 |    130 |    840 |   6147 |   8 | 1019.8 |
       Dungeon |   8041 |   7921 |    120 |    840 |   6082 |   7 | 1148.7 |
        Temple |    116 |    106 |     10 |      0 |     65 |   1 |  116.0 |
               +--------+--------+--------+--------+--------+-----+--------+

Top non-repeatable levels by time:
     D:4: 1728 daAuts
     D:6: 1614 daAuts
     D:5: 1446 daAuts
     D:2: 1120 daAuts
     D:1: 1102 daAuts
     D:3: 996 daAuts
  Temple: 116 daAuts
     D:7: 33 daAuts
